BR (22 & UNDER)
ALABAMA SHAKES @ SANTA CLARITA MUSIC
08/09/2028
 
TOP OF THE 1ST
Alabama Shakes batting - Pitching for Santa Clarita Music : RHP Marcos Féliz
Pitching: RHP Marcos Féliz
Batting: RHB Terry Lawrence 0-0: Called Strike
0-1: Called Strike
0-2: Foul Ball, location: 2F
0-2: Ball
1-2: Ball
2-2: Ground out 6-3 (Groundball, 6)
Batting: LHB Arthur Guzmán 0-0: Fly out, F2 (Popup, 5S)
Batting: RHB Michael Scott 0-0: Ball
1-0: Swinging Strike
1-1: Called Strike
1-2: Strikes out looking
Top of the 1st over - 0 run(s), 0 hit(s), 0 error(s), 0 left on base; Alabama 0 - Santa Clarita 0
BOTTOM OF THE 1ST
Santa Clarita Music batting - Pitching for Alabama Shakes : RHP Barrett Pritchard
Pitching: RHP Barrett Pritchard
Batting: RHB Luis Suárez 0-0: Ball
1-0: Reached on error, E5 (Groundball, 56)
Batting: RHB António Martínez 0-0: Ball
1-0: Ball
2-0: Foul Ball, location: 2F
2-1: Fly out, F8 (Flyball, 8LXD)
Batting: RHB Rickey Núńez 0-0: Ball
Luis Suárez is caught stealing 2nd base
1-0: Foul Ball, location: 2F
1-1: Swinging Strike
1-2: Foul Ball, location: 2F
1-2: Strikes out swinging
Bottom of the 1st over - 0 run(s), 0 hit(s), 1 error(s), 0 left on base; Alabama 0 - Santa Clarita 0
TOP OF THE 2ND
Alabama Shakes batting - Pitching for Santa Clarita Music : RHP Marcos Féliz
Batting: LHB Edgardo Molina 0-0: Ball
1-0: Foul Ball, location: 2F
1-1: Called Strike
1-2: Ground out 4-3 (Groundball, 4)
Batting: RHB Joe Farrell 0-0: Ball
1-0: Ball
2-0: Called Strike
2-1: Called Strike
2-2: Ball
3-2: Strikes out swinging
Batting: SHB Artie Adams 0-0: Called Strike
0-1: Ball
1-1: Ball
2-1: SINGLE (Flyball, 7S)
Batting: RHB Seth O'Toole 0-0: Called Strike
0-1: Ball
1-1: Foul Ball, location: 2F
1-2: Ball
2-2: Strikes out looking
Top of the 2nd over - 0 run(s), 1 hit(s), 0 error(s), 1 left on base; Alabama 0 - Santa Clarita 0
BOTTOM OF THE 2ND
Santa Clarita Music batting - Pitching for Alabama Shakes : RHP Barrett Pritchard
Batting: LHB Francisco Blanco 0-0: Called Strike
0-1: Foul Ball, location: 2F
0-2: Ball
1-2: Foul Ball, location: 2F
1-2: Foul Ball, location: 2F
1-2: Strikes out swinging, 2-3 out at first.
Batting: LHB Ben Donaldson 0-0: Ball
1-0: Called Strike
1-1: Swinging Strike
1-2: Strikes out swinging
Batting: SHB Pedro Rodríguez 0-0: Ball
1-0: Swinging Strike
1-1: Ball
2-1: Ball
3-1: Bunted foul
3-2: Ground out 6-3 (Groundball, 6)
Bottom of the 2nd over - 0 run(s), 0 hit(s), 0 error(s), 0 left on base; Alabama 0 - Santa Clarita 0
TOP OF THE 3RD
Alabama Shakes batting - Pitching for Santa Clarita Music : RHP Marcos Féliz
Batting: LHB Jonathan Martin 0-0: Ground out 3-1 (Groundball, 34)
Batting: RHB Eugene Fisher 0-0: Swinging Strike
0-1: Fly out, F8 (Line Drive, 78M)
Batting: RHB Terry Lawrence 0-0: Ground out 4-3 (Groundball, 4D)
Top of the 3rd over - 0 run(s), 0 hit(s), 0 error(s), 0 left on base; Alabama 0 - Santa Clarita 0
BOTTOM OF THE 3RD
Santa Clarita Music batting - Pitching for Alabama Shakes : RHP Barrett Pritchard
Batting: RHB Greg Grant 0-0: Called Strike
0-1: Ball
1-1: Called Strike
1-2: DOUBLE (Groundball, 5L)
Batting: RHB Tony Collier 0-0: Ball
1-0: Foul Ball, location: 2F
1-1: Called Strike
1-2: Ball
2-2: Foul Ball, location: 2F
2-2: Strikes out swinging
Batting: RHB Adam Gentry 0-0: Ball
1-0: Foul Ball, location: 2F
1-1: Ground out 6-3 (Groundball, 6)
Greg Grant to third
Batting: RHB Luis Suárez 0-0: Ball
1-0: Foul Ball, location: 2F
1-1: DOUBLE (Line Drive, 9LM)
Greg Grant scores
Batting: RHB António Martínez 0-0: Ball
1-0: Ball
2-0: Foul Ball, location: 2F
2-1: Ball
3-1: Foul Ball, location: 2F
3-2: Base on Balls
Batting: RHB Rickey Núńez 0-0: Ball
1-0: Ball
2-0: Called Strike
2-1: Fly out, F8 (Flyball, 8RS)
Bottom of the 3rd over - 1 run(s), 2 hit(s), 0 error(s), 2 left on base; Alabama 0 - Santa Clarita 1
TOP OF THE 4TH
Alabama Shakes batting - Pitching for Santa Clarita Music : RHP Marcos Féliz
Batting: LHB Arthur Guzmán 0-0: Foul Ball, location: 2F
0-1: Ball
1-1: Called Strike
1-2: Strikes out swinging
Batting: RHB Michael Scott 0-0: Foul Ball, location: 2F
0-1: Foul Ball, location: 2F
0-2: Ball
1-2: Foul Ball, location: 2F
1-2: Foul Ball, location: 2F
1-2: Strikes out swinging
Batting: LHB Edgardo Molina 0-0: Ground out 6-3 (Groundball, 6)
Top of the 4th over - 0 run(s), 0 hit(s), 0 error(s), 0 left on base; Alabama 0 - Santa Clarita 1
BOTTOM OF THE 4TH
Santa Clarita Music batting - Pitching for Alabama Shakes : RHP Barrett Pritchard
Batting: LHB Francisco Blanco 0-0: Ball
1-0: Foul Ball, location: 2F
1-1: Ball
2-1: SINGLE (Groundball, 6D)
Batting: LHB Ben Donaldson 0-0: Ball
1-0: Called Strike
1-1: DOUBLE (Groundball, 5L)
Francisco Blanco to third
Batting: SHB Pedro Rodríguez 0-0: Swinging Strike
0-1: Swinging Strike
0-2: Strikes out swinging
Batting: RHB Greg Grant 0-0: Ball
1-0: Called Strike
1-1: Ball
2-1: Ground out U3 (Groundball, 34)
Francisco Blanco scores
Ben Donaldson to third
Batting: RHB Tony Collier 0-0: Ball
1-0: Foul Ball, location: 2F
1-1: Ball
2-1: Swinging Strike
2-2: Ball
3-2: Foul Ball, location: 2F
3-2: Base on Balls
Batting: RHB Adam Gentry 0-0: Swinging Strike
0-1: DOUBLE (Line Drive, 9)
Ben Donaldson scores
Tony Collier to third
Batting: RHB Luis Suárez 0-0: Called Strike
0-1: TRIPLE (Flyball, 7)
Tony Collier scores
Adam Gentry scores
Batting: RHB António Martínez 0-0: Called Strike
0-1: Ground out 4-3 (Groundball, 4)
Bottom of the 4th over - 4 run(s), 4 hit(s), 0 error(s), 1 left on base; Alabama 0 - Santa Clarita 5
TOP OF THE 5TH
Alabama Shakes batting - Pitching for Santa Clarita Music : RHP Marcos Féliz
Batting: RHB Joe Farrell 0-0: Called Strike
0-1: Ball
1-1: Ball
2-1: Swinging Strike
2-2: Strikes out swinging
Batting: SHB Artie Adams 0-0: Foul Ball, location: 2F
0-1: Swinging Strike
0-2: Ball
1-2: Ball
2-2: Ground out 1-3 (Groundball, 13)
Batting: RHB Seth O'Toole 0-0: Ball
1-0: Called Strike
1-1: Foul Ball, location: 2F
1-2: Ground out 6-3 (Groundball, 6)
Top of the 5th over - 0 run(s), 0 hit(s), 0 error(s), 0 left on base; Alabama 0 - Santa Clarita 5
BOTTOM OF THE 5TH
Santa Clarita Music batting - Pitching for Alabama Shakes : RHP Barrett Pritchard
Pitching: LHP Javier Villalobos
Batting: RHB Rickey Núńez 0-0: Ground out 4-3 (Groundball, 4)
Batting: LHB Francisco Blanco 0-0: Swinging Strike
0-1: Ball
1-1: Foul Ball, location: 2F
1-2: Single, Error in OF, E8, batter to second base
Batting: LHB Ben Donaldson 0-0: Ball
1-0: Swinging Strike
1-1: Swinging Strike
1-2: Ball
2-2: Strikes out swinging
Batting: SHB Pedro Rodríguez 0-0: Called Strike
0-1: Swinging Strike
0-2: Strikes out looking
Bottom of the 5th over - 0 run(s), 1 hit(s), 1 error(s), 1 left on base; Alabama 0 - Santa Clarita 5
TOP OF THE 6TH
Alabama Shakes batting - Pitching for Santa Clarita Music : RHP Marcos Féliz
Batting: LHB Jonathan Martin 0-0: Ball
1-0: Ball
2-0: Called Strike
2-1: Foul Ball, location: 2F
2-2: Foul Ball, location: 2F
2-2: SINGLE (Groundball, 6MD)
Batting: RHB Eugene Fisher 0-0: Ball
1-0: Called Strike
Jonathan Martin steals 2nd base
1-1: Ball
2-1: Foul Ball, location: 2F
2-2: Foul Ball, location: 2F
2-2: Foul Ball, location: 2F
2-2: Ball
3-2: Foul Ball, location: 2F
3-2: Base on Balls
Batting: RHB Terry Lawrence 0-0: Ball
1-0: Ball
2-0: Fielders Choice at 2nd, 3-6 (Groundball, 34)
Jonathan Martin to third
Batting: LHB Arthur Guzmán 0-0: Called Strike
0-1: Swinging Strike
0-2: Foul Ball, location: 2F
0-2: Ball
1-2: Strikes out looking
Pitching: LHP Ray Karl
Batting: RHB Michael Scott 0-0: Ball
1-0: Ball
2-0: Ball
3-0: Called Strike
3-1: Fly out, F7 (Flyball, 78M)
Top of the 6th over - 0 run(s), 1 hit(s), 0 error(s), 2 left on base; Alabama 0 - Santa Clarita 5
BOTTOM OF THE 6TH
Santa Clarita Music batting - Pitching for Alabama Shakes : LHP Javier Villalobos
Batting: RHB Greg Grant 0-0: Ball
1-0: Swinging Strike
1-1: Foul Ball, location: 2F
1-2: Strikes out swinging
Batting: RHB Tony Collier 0-0: Called Strike
0-1: Ball
1-1: Foul Ball, location: 2F
1-2: Strikes out looking
Batting: RHB Adam Gentry 0-0: Ball
1-0: Foul Ball, location: 2F
1-1: Ball
2-1: Ball
3-1: Foul Ball, location: 2F
3-2: Strikes out swinging
Bottom of the 6th over - 0 run(s), 0 hit(s), 0 error(s), 0 left on base; Alabama 0 - Santa Clarita 5
TOP OF THE 7TH
Alabama Shakes batting - Pitching for Santa Clarita Music : LHP Ray Karl
Batting: LHB Edgardo Molina 0-0: Called Strike
0-1: Foul Ball, location: 2F
0-2: Strikes out swinging
Batting: RHB Joe Farrell 0-0: Ball
1-0: Ball
2-0: Foul Ball, location: 2F
2-1: Foul Ball, location: 2F
2-2: Ball
3-2: Fly out, F8 (Flyball, 8LM)
Batting: SHB Artie Adams 0-0: Ball
1-0: SINGLE (Flyball, 4MD)
Batting: RHB Seth O'Toole 0-0: Ball
1-0: Foul Ball, location: 2F
1-1: Called Strike
1-2: Strikes out looking
Top of the 7th over - 0 run(s), 1 hit(s), 0 error(s), 1 left on base; Alabama 0 - Santa Clarita 5
BOTTOM OF THE 7TH
Santa Clarita Music batting - Pitching for Alabama Shakes : LHP Javier Villalobos
Batting: RHB Luis Suárez 0-0: Ball
1-0: Ball
2-0: Foul Ball, location: 2F
2-1: Ground out 4-3 (Groundball, 34)
Batting: RHB António Martínez 0-0: Ball
1-0: Ball
2-0: Called Strike
2-1: Swinging Strike
2-2: Ball
3-2: Foul Ball, location: 2F
3-2: Strikes out swinging
Batting: RHB Rickey Núńez 0-0: Ball
1-0: Swinging Strike
1-1: Ball
2-1: Ball
3-1: Foul Ball, location: 2F
3-2: Ground out 5-3 (Groundball, 5L)
Bottom of the 7th over - 0 run(s), 0 hit(s), 0 error(s), 0 left on base; Alabama 0 - Santa Clarita 5
TOP OF THE 8TH
Alabama Shakes batting - Pitching for Santa Clarita Music : LHP Ray Karl
Batting: LHB Jonathan Martin 0-0: Called Strike
0-1: Ball
1-1: Ball
2-1: Fly out, F8 (Flyball, 8LD)
Batting: RHB Eugene Fisher 0-0: Swinging Strike
0-1: Foul Ball, location: 2F
0-2: Ball
1-2: Strikes out swinging
Batting: RHB Terry Lawrence 0-0: Ball
1-0: Ball
2-0: Called Strike
2-1: Called Strike
2-2: Ball
3-2: Foul Ball, location: 2F
3-2: Foul Ball, location: 2F
3-2: Foul Ball, location: 2F
3-2: SINGLE (Line Drive, 6MD)
Batting: LHB Arthur Guzmán 0-0: Called Strike
0-1: Called Strike
0-2: Ball
1-2: Ball
2-2: SINGLE (Line Drive, 6D)
Terry Lawrence to second
Batting: RHB Michael Scott 0-0: Called Strike
0-1: Ball
1-1: Ball
2-1: SINGLE (Groundball, 3D)
Terry Lawrence to third
Arthur Guzmán to second
Runner from 3rd tries for Home, SAFE, throw made at trailing runner, OUT at third!
Top of the 8th over - 1 run(s), 3 hit(s), 0 error(s), 1 left on base; Alabama 1 - Santa Clarita 5
BOTTOM OF THE 8TH
Santa Clarita Music batting - Pitching for Alabama Shakes : LHP Javier Villalobos
Batting: LHB Francisco Blanco 0-0: Ball
1-0: Ground out 4-3 (Groundball, 4)
Batting: LHB Ben Donaldson 0-0: Foul Ball, location: 2F
0-1: Swinging Strike
0-2: Foul Ball, location: 2F
0-2: Foul Ball, location: 2F
0-2: Ball
1-2: Foul Ball, location: 2F
1-2: Foul Ball, location: 2F
1-2: Foul Ball, location: 2F
1-2: Ground out U3 (Groundball, 34)
Batting: SHB Pedro Rodríguez 0-0: Called Strike
0-1: Foul Ball, location: 2F
0-2: Foul Ball, location: 2F
0-2: Ground out 4-3 (Groundball, 4)
Bottom of the 8th over - 0 run(s), 0 hit(s), 0 error(s), 0 left on base; Alabama 1 - Santa Clarita 5
TOP OF THE 9TH
Alabama Shakes batting - Pitching for Santa Clarita Music : LHP Ray Karl
Batting: LHB Edgardo Molina 0-0: Ball
1-0: SINGLE (Groundball, 56S) (infield hit)
Batting: RHB Joe Farrell 0-0: Swinging Strike
0-1: Ball
1-1: Fly out, F5 (Line Drive, 5)
Pitching: RHP Álex Amaya
Batting: SHB Artie Adams 0-0: Ball
1-0: Called Strike
1-1: Foul Ball, location: 2F
1-2: Strikes out looking
Batting: RHB Seth O'Toole 0-0: Called Strike
0-1: Foul Ball, location: 2F
0-2: SINGLE (Groundball, 6MD)
Edgardo Molina to second
Runner from 2nd tries for 3rd, SAFE, throw made to third
Pitching: LHP Pedro Beleza
Batting: LHB Jonathan Martin 0-0: Foul Ball, location: 2F
0-1: Ball
1-1: Ball
2-1: Swinging Strike
2-2: Foul Ball, location: 2F
2-2: Strikes out swinging
Top of the 9th over - 0 run(s), 2 hit(s), 0 error(s), 2 left on base; Alabama 1 - Santa Clarita 5
Tuesday, August 8th, 2017 - OOTP Baseball 17.12 Build 75